stoopid, chaotic female elven Priestess --- --.--- ----------- |....| |..--.....-- ---<..- |..........| -...(.| -........- ...--..| ---........-- |... |..| |.%.........| -... |..--- |.|....!...-- ... |....| |)|....---.- -.| |....-- |.|...-- |..| . |.....-- |'|-..- ---- - ---.[..--|.|--.. |..%...|@| --- |...)..h.| |.....%).| --.--..-.| ---|....- ---...| ...| ----- stoopid the Adept Experience level: 6 Strength: 9 Dexterity: 16 Constitution: 16 Intelligence: 8 Wisdom: 20 Charisma: 9 Health: 0(49) Energy: 74(74) Def: 6 Gold: 629 Moves: 3119 Dungeon seed: EUUXd639iM5dU9KQ Game ID: stoopid_1506303182 Your Inventory: Coins $ - 629 gold pieces Weapons a - a blessed +1 mace (weapon in hand) E - 7 +0 daggers Armor e - a +0 dwarvish cloak n - a +0 orcish shield q - a +0 small shield (being worn) y - a +0 orcish helm (being worn) N - a blessed +0 leather armor (being worn) Y - a blessed +0 pair of iron shoes (being worn) Comestibles d - 3 sprigs of wolfsbane Scrolls m - 2 scrolls of teleportation p - a blessed scroll of enchant weapon B - a scroll of magic mapping Spellbooks k - a spellbook of confuse monster Potions b - 4 potions of holy water x - a potion of see invisible Rings s - a ring of warning Wands o - a wand of light (0:11) C - a wand of fire (0:0) G - a wand of slow monster (0:1) Tools v - a mirror A - a blessed brass lantern (0:1173) Gems r - a worthless piece of blue glass Spells and supernatural/magical abilities: Name Level Category Fail Memory u - confuse monster 2 enchantment 77% 95% B - cure blindness 2 healing 68% 97% I - identify 2 divination 77% 85% W - pray for help -- divine ? -- X - turn undead -- divine ? -- Your skills at the end: Fighting Skills wands [Basic] Weapon Skills mace [Basic] Spellcasting Skills clerical spells [Basic] Final Attributes: You were piously aligned. You were sleep resistant. You saw invisible. You had infravision. You aggravated monsters. You are dead. Vanquished creatures: 2 wood nymphs 9 Mordor orcs a pony a fog cloud a yellow light 2 shriekers 5 gnome lords a red naga hatchling a golden naga hatchling a little dog a floating eye a kitten 5 dwarves a rothe 2 dwarf zombies a wererat 2 iguanas 3 killer bees 2 coyotes 2 hobgoblins 3 giant rats a cave spider 16 gnomes a gnome zombie a gecko 5 jackals a fox 3 kobolds 4 goblins 9 grid bugs 4 lichens 3 newts 95 creatures vanquished. Voluntary challenges: You used a wielded weapon 97 times, starting on turn 1. You read items or engraved 31 times, starting on turn 1609. You never genocided any monsters. You never polymorphed an object. You never changed form. You used no wishes. You never split a pudding. You wrote Elbereth's name 20 times, starting on turn 1738. You never violated your personal moral code. Dungeon overview: The Dungeons of Doom: levels 1 to 5 Level 1 a fountain, a sink a long staircase Level 2 Level 3 a vault Level 4 a hardware shop, a sink stairs to The Gnomish Mines Level 5 The Gnomish Mines: levels 5 to 6 Level 5 stairs to The Dungeons of Doom Level 6 <- You were here History has recorded: On T:1 you entered the Dungeons of Doom to retrieve the Amulet of Yendor! On T:319 you reached level 2 of The Dungeons of Doom. On T:633 you advanced to experience level 2. On T:930 you reached level 3 of The Dungeons of Doom. On T:1170 you advanced to experience level 3. On T:1230 you reached level 4 of The Dungeons of Doom. On T:1489 you reached level 1 of The Gnomish Mines. On T:1511 you advanced to experience level 4. On T:1972 you reached level 5 of The Dungeons of Doom. On T:2039 you advanced to experience level 5. On T:2681 you reached level 2 of The Gnomish Mines. On T:3012 you advanced to experience level 6. Score breakdown: Gold: 629 ( 9522 points) Experience: 6 levels (12456 points) Exploration: 6 levels ( 12.00%) ( 9583 points) Discoveries: 17 items ( 5.88%) ( 7276 points) Valuables value: (no points given unless you survive) Artifact value: 0 ( 0 points) Variety of kills: 32 monsters ( 8.36%) ( 8671 points) Turncount: 3119 turns ( -657 points) Survival: died (score multiplied by 80%) Total score: 37480 Latest messages: The gold golem slows down abnormally. You kill the gnome! You see here a gnome corpse. The gnome hits! You kill the gnome! There are a few objects here. The dwarf wields a broad pick! The broad pick welds itself to the dwarf's hand! You hit the dwarf! You kill the dwarf! There are several objects here. The gold golem speeds up. You hit the dwarf lord. The dwarf lord wields a dagger! The dwarf lord thrusts his dagger at you. The dwarf lord hits! You hit the dwarf lord! (2x) The dwarf lord thrusts his dagger at you. The dwarf lord hits! The dwarf lord thrusts his dagger at you. The dwarf lord hits! You die... Final status: Goodbye stoopid the Priestess, killed by a dwarf lord... You died in The Gnomish Mines on dungeon level 6 with 37480 points, and 629 pieces of gold, after 3119 moves. You were level 6 with a maximum of 49 hit points when you died.